 Dungeon Crawl Stone Soup version 0.27-a0-1182-gee19b5822f (webtiles) character file.

Game seed: 9774180393885410900

626 Ijustatesigmund the Cleaver (level 7, -2/64 HPs)
             Began as a Hill Orc Fighter on May 18, 2021.
             Slain by a wight
             ... wielding a +0 halberd
              (12 damage)
             ... on level 4 of the Dungeon.
             The game lasted 00:05:41 (3479 turns).

Ijustatesigmund the Cleaver (Hill Orc Fighter)      Turns: 3479, Time: 00:05:41

Health: -2/64      AC:  9    Str: 19    XL:     7   Next: 47%
Magic:  7/7        EV:  5    Int: 14    God:
Gold:   214        SH:  9    Dex: 12    Spells: 6/6 levels left

rFire    . . .     SeeInvis .   a - +2 war axe
rCold    . . .     Faith    .   c - +0 kite shield
rNeg     . . .     Spirit   .   b - +0 chain mail
rPois    .         Reflect  .   (no helmet)
rElec    .         Harm     .   (no cloak)
rCorr    .         Rampage  .   (no gloves)
Will     .....                  (no boots)
Stlth    ..........             (no amulet)
HPRegen  0.20/turn              e - +6 ring of intelligence
MPRegen  0.10/turn              (no ring)

@: mighty
A: no striking features
a: no special abilities


You were on level 4 of the Dungeon.
You visited 1 branch of the dungeon, and saw 4 of its levels.

You collected 214 gold pieces.

Inventory:

Hand Weapons
 a - a +2 war axe (weapon)
 f - a +1 flail of holy wrath
Armour
 b - a +0 chain mail (worn)
 c - a +0 kite shield (worn)
Jewellery
 e - a +6 ring of intelligence (left hand)
 i - a ring of magical power
Scrolls
 j - 2 scrolls of identify
Potions
 g - a potion of attraction
 h - a potion of curing
 k - a potion of resistance {unknown}


   Skills:
 + Level 6.3 Fighting
 + Level 8.5 Axes
 + Level 3.5 Armour
 + Level 0.5 Dodging
 + Level 3.5 Shields


You had 6 spell levels left.
You didn't know any spells.
Your spell library contained the following spells:

 Spells                   Type           Power      Damage    Failure   Level
 Summon Small Mammal      Summ           0%         N/A       100%        1
 Call Imp                 Summ           0%         N/A       100%        2
 Call Canine Familiar     Summ           0%         N/A       100%        3
 Confusing Touch          Hex            0%         N/A       100%        3
 Gell's Gravitas          Tloc           0%         N/A       100%        3
 Summon Guardian Golem    Hex/Summ       0%         N/A       100%        3
 Petrify                  Tmut/Erth      0%         N/A       100%        4
 Summon Ice Beast         Ice/Summ       0%         N/A       100%        4
 Summon Lightning Spire   Summ/Air       0%         N/A       100%        4
 Metabolic Englaciation   Hex/Ice        0%         N/A       100%        5
 Yara's Violent Unravell  Hex/Tmut       0%         3d3       100%        5


Dungeon Overview and Level Annotations

Branches:
Dungeon (4/15)
 Temple: D:4-7

Altars:
Trog
Uskayaw


Message History

The wight is lightly damaged.
You hit the wight. You closely miss the adder. You block the adder's attack.
You block the wight's attack. The adder bites you but does no damage.
You block the wight's attack. The wight barely misses you.
Your shield and chain mail prevent you from hitting the wight.
The wight is lightly damaged.
You slash the wight! You closely miss the adder.
The adder bites you but does no damage. The wight barely misses you.
You block the wight's attack. The wight hits you with a +3 battleaxe!
You block the adder's attack.
You slash the wight!
You destroy the wight!
You hit the adder but do no damage. You closely miss the wight.
You block the wight's attack. x2; The adder bites you but does no damage.
The wight hits you from afar with a +0 halberd!
You feel drained. You block the wight's attack.
The adder bites you but does no damage.
Okay, then.
You feel very mighty all of a sudden. The adder bites you but does no damage.
The wight barely misses you.
The wight hits you with a +3 scimitar of freezing!
The wight freezes you.
You slice the wight!!
You destroy the wight!
You slash the adder!
You kill the adder!
The wight hits you but does no damage.
Your life force feels restored.
You hit the ogre.
The ogre is lightly wounded.
You block the wight's attack. The ogre barely misses you.
You hit the ogre.
The ogre is moderately wounded.
Your shield and chain mail prevent you from hitting the goblin.
The wight hits you from afar with a +0 halberd!
* * * LOW HITPOINT WARNING * * *
You block the ogre's attack.
The goblin unwields a +0 hunting sling.
The goblin wields a +0 dagger.
The goblin hits you but does no damage.
The wight hits you from afar with a +0 halberd!
You die...

.. ###...<..... .#....
.. #..........# .#...
..###..........##.....
..##.........[.....#
...#..............#
..................#
......#...)...#..## .#
............#.##Og#..##
.....#####..####@.z...#
....# #...##.))....##
....# #..####.......#
...## #.## #!.....##
...## ##..# #..##.##
#...# #...# .... ##
...## ##..# .... ##.##
#...####..#
#...######...#


You could see an ogre, a wight and a goblin.

Vanquished Creatures
  Sigmund (D:4)
  Edmund (D:3)
  A necrophage (D:3)
  2 wights (D:4)
  An iguana (D:4)
  4 gnolls (D:4)
  5 adders
  4 dart slugs
  6 ball pythons
  5 bats
  5 endoplasms
  3 giant cockroaches
  6 goblins
  A hobgoblin (D:1)
  12 jackals
  5 kobolds
  3 quokkas
  A frilled lizard (D:1)
  6 rats
72 creatures vanquished.

Vanquished Creatures (others)
  A plant (D:2)
1 creature vanquished.

Grand Total: 73 creatures vanquished

Notes
Turn   | Place    | Note
-------+----------+-------------------------------------------
     0 | D:1      | Ijustatesigmund the Hill Orc Fighter began the quest for
                  | the Orb.
     0 | D:1      | Reached XP level 1. HP: 19/19 MP: 1/1
    15 | D:1      | Reached skill level 3 in Axes
    80 | D:1      | Reached XP level 2. HP: 23/27 MP: 2/2
   531 | D:1      | Reached skill level 4 in Axes
   551 | D:1      | Reached XP level 3. HP: 32/33 MP: 3/3
  1210 | D:2      | Found a faded altar of an unknown god.
  1451 | D:2      | Found a hide-covered altar of Uskayaw.
  1477 | D:2      | Reached skill level 5 in Axes
  1477 | D:2      | Reached XP level 4. HP: 41/41 MP: 4/4
  2355 | D:4      | Reached XP level 5. HP: 10/47 MP: 5/5
  2740 | D:4      | Reached skill level 5 in Fighting
  2740 | D:4      | Reached skill level 6 in Axes
  2788 | D:4      | Noticed Edmund
  2790 | D:4      | Noticed a necrophage
  3025 | D:3      | Killed Edmund
  3026 | D:3      | Reached skill level 7 in Axes
  3026 | D:3      | Reached XP level 6. HP: 15/56 MP: 6/6
  3028 | D:3      | Killed a necrophage
  3316 | D:4      | Found a bloodstained altar of Trog.
  3339 | D:4      | Noticed Sigmund
  3346 | D:4      | Killed Sigmund
  3347 | D:4      | Reached skill level 8 in Axes
  3347 | D:4      | Reached XP level 7. HP: 56/63 MP: 7/7
  3479 | D:4      | Slain by a wight

Illustrated notes

Levels and vault maps discovered:
D:1:      minmay_arrival_four_houses, layout_loops_ring, skrybe_limestone_x,
          minmay_strange_pillars
D:2:      layout_loops_ring, shapermc_ecumenical_altar_mp_urbaneastern,
          basic_altar, kennysheep_generic_room_15
D:3:      layout_loops_ring, minmay_strange_pillars
D:4:      layout_cave_pools, lemuel_doored_altar, uniq_edmund, uniq_sigmund

Skill      XL: |  1  2  3  4  5  6 |
---------------+-------------------+-----
Axes           | 3 4 5 7 8 |  8.5
Fighting       | 4 5 6 |  6.3
Armour         | |  3.5
Dodging        | |  0.5
Shields        | |  3.5

Action                   |  1- 3 |  4- 6 |  7- 9 || total
-------------------------+-------+-------+-------++-------
Melee: War axe           |    90 |    68 |    15 ||   173
Throw: Throwing net      |       |     1 |       ||     1
  Use: Scroll            |     1 |     5 |     1 ||     7
       Potion            |       |     9 |     1 ||    10
 Stab: Held in net/web   |       |     1 |       ||     1
Armor: Scale mail        |    41 |     6 |       ||    47
       Skin              |       |    17 |       ||    17
       Chain mail        |       |    31 |     9 ||    40
Dodge: Dodged            |    18 |    17 |     5 ||    40
Block: Kite shield       |    47 |    52 |    16 ||   115

Table legend: (Time is in decaauts)
 A = Elapsed time spent in this place.
 B = Non-inter-level travel time spent in this place.
 C = Inter-level travel time spent in this place.
 D = Time resting spent in this place.
 E = Time spent auto-exploring this place.
 F = Levels seen in this place.
 G = Mean time per level.
                   A        B        C        D        E       F      G
               +--------+--------+--------+--------+--------+-----+--------+
         Total |   3546 |   3398 |    148 |    779 |   2098 |   4 |  886.5 |
       Dungeon |   3546 |   3398 |    148 |    779 |   2098 |   4 |  886.5 |
               +--------+--------+--------+--------+--------+-----+--------+

Top non-repeatable levels by time:
     D:3: 1196 daAuts
     D:2: 991 daAuts
     D:1: 842 daAuts
     D:4: 515 daAuts
